 Dungeon Crawl Stone Soup version 0.23-a0-143-g1adec7b (webtiles) character file.

21 Amnesiac the Chiller (level 2, -3/19 HPs)
             Began as a Mummy Ice Elementalist on Sept 5, 2018.
             Slain by Ijyb
             ... wielding a +0 dagger
              (4 damage)
             ... on level 3 of the Dungeon.
             The game lasted 00:00:51 (485 turns).

Amnesiac the Chiller (Mummy Ice Elementalist)        Turns: 485, Time: 00:00:52

Health: -3/19      AC:  2    Str: 11    XL:     2   Next: 62%
Magic:  6/6        EV: 12    Int: 11    God:
Gold:   46         SH:  0    Dex: 12    Spells: 6/7 levels left

rFire    x . .     SeeInvis .   c - +0 club
rCold    + . .     Gourm    .   (no shield)
rNeg     + + +     Faith    .   a - +0 robe
rPois    ∞         Spirit   .   (no helmet)
rElec    .         Reflect  .   (no cloak)
rCorr    .         Harm     .   (no gloves)
MR       .....                  (no boots)
Stlth    ++........             (no amulet)
HPRegen  0.06/turn              b - -3 ring of intelligence (curse)
MPRegen  0.10/turn              (no ring)

@: no status effects
A: no food or potions, fire vulnerability, cold resistance 1, negative energy
resistance 3, torment resistance, unbreathing
a: no special abilities


You were on level 3 of the Dungeon.
You were not hungry.

You visited 1 branch of the dungeon, and saw 3 of its levels.

You collected 46 gold pieces.

Inventory:

Hand Weapons
 c - a +0 club (weapon)
Armour
 a - a +0 robe (worn)
Jewellery
 b - a cursed -3 ring of intelligence (left hand)


   Skills:
 - Level 1.5 Dodging
 - Level 1.5 Stealth
 + Level 3.0 Spellcasting
   Level 0.7 Conjurations
 * Level 3.1 Ice Magic


You had 6 spell levels left.
You knew the following spells:

 Your Spells              Type           Power        Failure   Level  Hunger
a - Freeze                Ice            #...         8%          1    N/A

Your spell library contained the following spells:

 Spells                   Type           Power        Failure   Level  Hunger
 Throw Frost              Conj/Ice       #.....       19%         2    N/A
 Ozocubu's Armour         Chrm/Ice       #.......     38%         3    N/A
 Throw Icicle             Conj/Ice       #.......     75%         4    N/A
 Summon Ice Beast         Ice/Summ       #.......     80%         4    N/A

Dungeon Overview and Level Annotations

Branches:
Dungeon (3/15)

Altars:
Fedhas

Annotations:
D:3 Ijyb, Natasha


Innate Abilities, Weirdness & Mutations

You do not eat or drink.
Your flesh is vulnerable to fire.
You are immune to poison.
Your flesh is cold resistant. (rC+)
You are immune to negative energy. (rN+++)
You are immune to unholy pain and torment.
You can survive without breathing.


Message History

Your Spellcasting skill increases to level 3!
Your Ice Magic skill increases to level 3!
Casting: Freeze (safe; 8% risk of failure)
Confirm with . or Enter, or press ? or * to list all spells.
You can't see any susceptible monsters within range! (Use Z to cast anyway.)
You start resting.
Magic restored.
You start resting.
HP restored.
You start resting.
Magic restored.
You start resting.
HP restored.
Found a stone staircase leading down.
You now have 7 gold pieces.
You see here a giant cockroach corpse.
You now have 21 gold pieces (gained 14).
A hobgoblin comes into view.
A hobgoblin is nearby!
A hobgoblin is nearby!
A hobgoblin is nearby!
You see here a giant cockroach corpse.
There is a stone staircase leading down here.
You climb downwards.
Found 10 gold pieces.
There is a stone staircase leading up here.
Found a blossoming altar of Fedhas.
You now have 31 gold pieces (gained 10).
You now have 46 gold pieces (gained 15).
Found 13 stones.
d - a scroll labeled RYSCHO CU ROWAKH {!r} A frilled lizard comes into view.
A frilled lizard is nearby!
A frilled lizard is nearby!
The frilled lizard hisses angrily.
You see here 13 stones.
The frilled lizard barely misses you.
You closely miss the frilled lizard. The frilled lizard barely misses you.
Casting: Freeze (safe; 8% risk of failure)
Confirm with . or Enter, or press ? or * to list all spells.
Aiming: Freeze (safe; 8% risk of failure)
Press: ? - help, Shift-Dir - straight line, f - frilled lizard
Aim: a frilled lizard You freeze the frilled lizard.
You kill the frilled lizard!
Ijyb the Twisted Goblin comes into view.
She is wielding a dagger.
You see here 13 stones.
Ijyb shouts!
Ijyb zaps a wand.
The puff of flame hits you! The fire burns you terribly!
Ouch! That really hurt!
* * * LOW HITPOINT WARNING * * *
It is a wand of flame (28).
Found a scroll labeled GEBBUY MAYXAU.
Natasha, Servant of Life and Death comes into view.
Ijyb drinks a potion.
Ijyb goes berserk!
You hear an angry hiss.
You hear a shout!
Ijyb hits you with a dagger.
* * * LOW HITPOINT WARNING * * *
Really read
d - a scroll labeled RYSCHO CU ROWAKH {!r}?
As you read the scroll labeled RYSCHO CU ROWAKH {!r}, it crumbles to dust.
You assume a fearsome visage.
It was a scroll of fear {!r}.
Ijyb hits you with a dagger.
You die...

#...P.P.#....# ##
#######...._..##.#g#
..........PgP.##.#.#
######.......##.#.#
#..#######.#g# #..#
#.#.. #..# #?h..
#g.# #..#.# #####@.#
. .. #...<..# ## ##
#.####.# #.# ...
#.## #.# .#


You could see Ijyb (berserk).

Vanquished Creatures
  An adder (D:2)
  3 bats
  2 giant cockroaches (D:2)
  A goblin (D:1)
  2 hobgoblins (D:2)
  A frilled lizard (D:3)
  A rat (D:2)
11 creatures vanquished.

Notes
Turn   | Place    | Note
-------+----------+-------------------------------------------
     0 | D:1      | Amnesiac the Mummy Ice Elementalist began the quest for the
                  | Orb.
     0 | D:1      | Reached XP level 1. HP: 13/13 MP: 4/4
   213 | D:2      | Reached XP level 2. HP: 13/19 MP: 0/5
   444 | D:3      | Found a blossoming altar of Fedhas.
   467 | D:3      | Noticed Ijyb
   471 | D:3      | Noticed Natasha
   485 | D:3      | Slain by Ijyb

Vault maps used:
D:1:      ncdulo_lavacross
D:2:      old_standard_altar
D:3:      yredelemnul_altar_generic, fedhas_altar_1, evilmike_ruin_ashenzari,
          minmay_misc_feat_room, uniq_natasha, uniq_sigmund, uniq_ijyb

Skill      XL: |  1  2 |
---------------+-------+-----
Spellcasting   | 3 |  3.0
Ice Magic      | 3 |  3.1
Dodging        | |  1.5
Stealth        | |  1.5
Conjurations   | |  0.7

Action                   || total
-------------------------++-------
Melee: Unarmed           ||     2
       Club              ||    15
 Cast: Freeze            ||    16
  Use: Scroll            ||     1
Armor: Robe              ||     3
Dodge: Dodged            ||    29

Table legend:
 A = Non-vault XP
 B = Vault XP
 C = Vault XP percentage of total XP
 D = Non-vault monster count
 E = Vault monster count
 F = Vault count percentage of total count
                 A         B        C        D         E       F
            +---------+---------+-------+---------+---------+-------
      Total |      30 |       0 |   0.0 |      11 |       0 |   0.0
            +---------+---------+-------+---------+---------+-------
        D:1 |       4 |       0 |   0.0 |       2 |       0 |   0.0
        D:2 |      25 |       0 |   0.0 |       8 |       0 |   0.0
        D:3 |       1 |       0 |   0.0 |       1 |       0 |   0.0
            +---------+---------+-------+---------+---------+-------
